NCAA
COLORADO BUFFALOES @ MICHIGAN STATE SPARTANS
05/19/2024
 
TOP OF THE 1ST
Colorado Buffaloes batting - Pitching for Michigan State Spartans : RHP Adam MacDonald
Pitching: RHP Adam MacDonald
Batting: RHB Rob Groves 0-0: Ball
1-0: Ball
2-0: Ground out 5-3 (Groundball, 56S)
Batting: RHB Esteban Lara 0-0: Called Strike
0-1: Ground out 1-3 (Groundball, 23)
Batting: LHB Miguel Sánchez 0-0: Ball
1-0: SINGLE (Line Drive, 9S)
Batting: RHB Ed Moore 0-0: Ball
1-0: Fly out, F9 (Flyball, 89D)
Top of the 1st over - 0 run(s), 1 hit(s), 0 error(s), 1 left on base; Colorado 0 - Michigan State 0
BOTTOM OF THE 1ST
Michigan State Spartans batting - Pitching for Colorado Buffaloes : RHP José García
Pitching: RHP José García
Batting: SHB Wayne Matthews 0-0: Foul Ball, location: 2F
0-1: Fly out, F7 (Flyball, 7LM)
Batting: LHB Troy Jackson 0-0: Ball
1-0: Foul Ball, location: 2F
1-1: Called Strike
1-2: Fly out, F7 (Flyball, 78M)
Batting: RHB Jorge Carranza 0-0: Called Strike
0-1: DOUBLE (Line Drive, 78M)
Batting: RHB Juan García 0-0: Called Strike
0-1: Called Strike
0-2: Foul Ball, location: 2F
0-2: Ball
1-2: DOUBLE (Line Drive, 7D)
Jorge Carranza scores
Batting: RHB Andrew Holmes 0-0: Swinging Strike
0-1: Swinging Strike
0-2: Strikes out swinging
Bottom of the 1st over - 1 run(s), 2 hit(s), 0 error(s), 1 left on base; Colorado 0 - Michigan State 1
TOP OF THE 2ND
Colorado Buffaloes batting - Pitching for Michigan State Spartans : RHP Adam MacDonald
Batting: RHB Pedro Romero 0-0: Ball
1-0: Called Strike
1-1: Swinging Strike
1-2: Ball
2-2: Ball
3-2: Foul Ball, location: 2F
3-2: Foul Ball, location: 2F
3-2: Strikes out swinging
Batting: LHB Craig Kenney 0-0: Called Strike
0-1: Ball
1-1: Ball
2-1: Foul Ball, location: 2F
2-2: Ball
3-2: Strikes out swinging
Batting: RHB Ramón Chávez 0-0: Ball
1-0: Ball
2-0: Called Strike
2-1: Foul Ball, location: 2F
2-2: Strikes out swinging
Top of the 2nd over - 0 run(s), 0 hit(s), 0 error(s), 0 left on base; Colorado 0 - Michigan State 1
BOTTOM OF THE 2ND
Michigan State Spartans batting - Pitching for Colorado Buffaloes : RHP José García
Batting: RHB Clinton Cook 0-0: Called Strike
0-1: Foul Ball, location: 2F
0-2: Ball
1-2: Fly out, F9 (Flyball, 89M)
Batting: RHB David Robbins 0-0: Foul Ball, location: 2F
0-1: Foul Ball, location: 2F
0-2: Foul Ball, location: 2F
0-2: Strikes out swinging
Batting: RHB David Bautista 0-0: Fly out, F7 (Flyball, 7M)
Bottom of the 2nd over - 0 run(s), 0 hit(s), 0 error(s), 0 left on base; Colorado 0 - Michigan State 1
TOP OF THE 3RD
Colorado Buffaloes batting - Pitching for Michigan State Spartans : RHP Adam MacDonald
Batting: RHB Desi Parkinson 0-0: SINGLE (Groundball, 4MD)
Batting: RHB Gerald Mullen 0-0: Ball
1-0: Foul Ball, location: 2F
1-1: Ball
2-1: Ground out 5-3 (Groundball, 5S)
Desi Parkinson to second
Batting: RHB Rob Groves 0-0: Swinging Strike
0-1: Ball
1-1: Foul Ball, location: 2F
1-2: Ball
2-2: Ground out 6-3 (Groundball, 6)
Batting: RHB Esteban Lara 0-0: Ball
1-0: Foul Ball, location: 2F
1-1: Swinging Strike
1-2: Strikes out looking
Top of the 3rd over - 0 run(s), 1 hit(s), 0 error(s), 1 left on base; Colorado 0 - Michigan State 1
BOTTOM OF THE 3RD
Michigan State Spartans batting - Pitching for Colorado Buffaloes : RHP José García
Batting: RHB Herman O'Gleason 0-0: Ball
1-0: Ball
2-0: Swinging Strike
2-1: Swinging Strike
2-2: Strikes out swinging
Batting: SHB Wayne Matthews 0-0: Called Strike
0-1: Ball
1-1: Called Strike
1-2: Ball
2-2: Fly out, F7 (Popup, 7S)
Batting: LHB Troy Jackson 0-0: Swinging Strike
0-1: Ball
1-1: Ball
2-1: Fly out, F9 (Flyball, 89M)
Bottom of the 3rd over - 0 run(s), 0 hit(s), 0 error(s), 0 left on base; Colorado 0 - Michigan State 1
TOP OF THE 4TH
Colorado Buffaloes batting - Pitching for Michigan State Spartans : RHP Adam MacDonald
Batting: LHB Miguel Sánchez 0-0: Ball
1-0: Ground out 4-3 (Groundball, 4)
Batting: RHB Ed Moore 0-0: Ball
1-0: Foul Ball, location: 2F
1-1: Fly out, F3 (Popup, 3SF)
Batting: RHB Pedro Romero 0-0: Swinging Strike
0-1: Swinging Strike
0-2: Strikes out looking
Top of the 4th over - 0 run(s), 0 hit(s), 0 error(s), 0 left on base; Colorado 0 - Michigan State 1
BOTTOM OF THE 4TH
Michigan State Spartans batting - Pitching for Colorado Buffaloes : RHP José García
Batting: RHB Jorge Carranza 0-0: Ball
1-0: Ball
2-0: Ball
3-0: Called Strike
3-1: Fly out, F9 (Flyball, 9M)
Batting: RHB Juan García 0-0: Foul Ball, location: 2F
0-1: Fly out, F9 (Flyball, 89M)
Batting: RHB Andrew Holmes 0-0: Ball
1-0: Ball
2-0: Ball
3-0: Base on Balls
Batting: RHB Clinton Cook 0-0: Ball
1-0: Foul Ball, location: 2F
1-1: Ball
2-1: SINGLE (Groundball, 56D)
Andrew Holmes to second
Batting: RHB David Robbins 0-0: Ball
1-0: Foul Ball, location: 2F
1-1: Ball
2-1: Foul Ball, location: 2F
2-2: Strikes out swinging
Bottom of the 4th over - 0 run(s), 1 hit(s), 0 error(s), 2 left on base; Colorado 0 - Michigan State 1
TOP OF THE 5TH
Colorado Buffaloes batting - Pitching for Michigan State Spartans : RHP Adam MacDonald
Batting: LHB Craig Kenney 0-0: Called Strike
0-1: Foul Ball, location: 2F
0-2: Ball
1-2: Strikes out swinging
Batting: RHB Ramón Chávez 0-0: Called Strike
0-1: Ball
1-1: Swinging Strike
1-2: Fly out, F8 (Flyball, 8LM)
Batting: RHB Desi Parkinson 0-0: Ball
1-0: Ball
2-0: Foul Ball, location: 2F
2-1: SOLO HOME RUN (Flyball, 8LXD), Distance : 392 ft
Batting: RHB Gerald Mullen 0-0: Ball
1-0: Ball
2-0: Called Strike
2-1: Ball
3-1: Base on Balls
Batting: RHB Rob Groves 0-0: Swinging Strike
0-1: Swinging Strike
0-2: Foul Ball, location: 2F
0-2: Ball
Passed Ball!
Gerald Mullen to second
1-2: Fly out, F9 (Flyball, 9M)
Top of the 5th over - 1 run(s), 1 hit(s), 0 error(s), 1 left on base; Colorado 1 - Michigan State 1
BOTTOM OF THE 5TH
Michigan State Spartans batting - Pitching for Colorado Buffaloes : RHP José García
Batting: RHB David Bautista 0-0: SINGLE (Groundball, 4M)
Batting: RHB Herman O'Gleason 0-0: Called Strike
0-1: Called Strike
0-2: Ball
1-2: Ball
2-2: Fly out, F9 (Flyball, 9LM)
Batting: SHB Wayne Matthews 0-0: Called Strike
0-1: Ball
1-1: Foul Ball, location: 2F
1-2: SINGLE (Groundball, 4MD)
David Bautista to second
Batting: LHB Troy Jackson 0-0: Ball
1-0: Fielders Choice at 2nd, 6-4 (Groundball, 6M)
David Bautista to third
Batting: RHB Jorge Carranza 0-0: Ball
1-0: Ball
2-0: Ball
3-0: Called Strike
3-1: Foul Ball, location: 2F
3-2: Base on Balls
Troy Jackson to second
Batting: RHB Juan García 0-0: Fly out, F9 (Flyball, 9S)
Bottom of the 5th over - 0 run(s), 2 hit(s), 0 error(s), 3 left on base; Colorado 1 - Michigan State 1
TOP OF THE 6TH
Colorado Buffaloes batting - Pitching for Michigan State Spartans : RHP Adam MacDonald
Batting: RHB Esteban Lara 0-0: Ball
1-0: DOUBLE (Flyball, 9LD)
Batting: LHB Miguel Sánchez 0-0: SINGLE (Flyball, 89S)
Esteban Lara to third
Runner from 3rd tries for Home, SAFE, no throw or cutoff
Batting: RHB Ed Moore 0-0: Ball
1-0: SINGLE (Groundball, 56D)
Miguel Sánchez to second
Batting: RHB Pedro Romero 0-0: Ball
1-0: Grounds into double play, 6-4-3 (Groundball, 6M)
Miguel Sánchez to third
Batting: LHB Craig Kenney 0-0: Ball
1-0: Ball
2-0: SINGLE (Line Drive, 6D)
Miguel Sánchez scores
Pitching: LHP Sergio Rodríguez
Batting: RHB Ramón Chávez 0-0: Called Strike
0-1: Ball
1-1: Ground out 2-3 (Groundball, 2L)
Top of the 6th over - 2 run(s), 4 hit(s), 0 error(s), 1 left on base; Colorado 3 - Michigan State 1
BOTTOM OF THE 6TH
Michigan State Spartans batting - Pitching for Colorado Buffaloes : RHP José García
Batting: RHB Andrew Holmes 0-0: Ball
1-0: SOLO HOME RUN (Flyball, 7LD), Distance : 313 ft
Pitching: RHP Marc Brooks
Batting: RHB Clinton Cook 0-0: Foul Ball, location: 2F
0-1: Ball
1-1: Swinging Strike
1-2: Ball
2-2: Ball
3-2: Foul Ball, location: 2F
3-2: Base on Balls
Batting: RHB David Robbins 0-0: Swinging Strike
0-1: Ball
1-1: Foul Ball, location: 2F
1-2: Strikes out swinging
Batting: RHB David Bautista 0-0: Ball
1-0: Swinging Strike
1-1: Swinging Strike
1-2: Strikes out swinging
Batting: RHB Herman O'Gleason 0-0: Called Strike
0-1: Ground out 1-3 (Groundball, 23)
Bottom of the 6th over - 1 run(s), 1 hit(s), 0 error(s), 1 left on base; Colorado 3 - Michigan State 2
TOP OF THE 7TH
Colorado Buffaloes batting - Pitching for Michigan State Spartans : LHP Sergio Rodríguez
Batting: RHB Desi Parkinson 0-0: Foul Ball, location: 2F
0-1: Ball
1-1: Ball
2-1: Ground out 6-3 (Groundball, 6)
Batting: RHB Gerald Mullen 0-0: Foul Ball, location: 2F
0-1: Foul Ball, location: 2F
Single, Error in OF, E7, batter to second base
Batting: RHB Rob Groves 0-0: Ball
1-0: Ball
2-0: Ball
3-0: Base on Balls
Batting: RHB Esteban Lara 0-0: Ball
1-0: Called Strike
1-1: Ball
2-1: Foul Ball, location: 2F
2-2: Strikes out swinging
Batting: LHB Miguel Sánchez 0-0: Ball
1-0: Fly out, F8 (Flyball, 8LD)
Top of the 7th over - 0 run(s), 1 hit(s), 1 error(s), 2 left on base; Colorado 3 - Michigan State 2
BOTTOM OF THE 7TH
Michigan State Spartans batting - Pitching for Colorado Buffaloes : RHP Marc Brooks
Batting: SHB Wayne Matthews 0-0: Ball
1-0: Foul Ball, location: 2F
1-1: Called Strike
1-2: Strikes out swinging
Batting: LHB Troy Jackson 0-0: Called Strike
0-1: Called Strike
0-2: Foul Ball, location: 2F
0-2: Foul Ball, location: 2F
0-2: Ball
1-2: Strikes out swinging
Batting: RHB Jorge Carranza 0-0: SINGLE (Groundball, 4MD)
Batting: RHB Juan García 0-0: Called Strike
Jorge Carranza steals 2nd base
0-1: Ground out 5-3 (Groundball, 5)
Bottom of the 7th over - 0 run(s), 1 hit(s), 0 error(s), 1 left on base; Colorado 3 - Michigan State 2
TOP OF THE 8TH
Colorado Buffaloes batting - Pitching for Michigan State Spartans : LHP Sergio Rodríguez
Batting: RHB Ed Moore 0-0: Fly out, F3 (Line Drive, 3S)
Batting: RHB Pedro Romero 0-0: SINGLE (Flyball, 9LS)
Batting: LHB Craig Kenney 0-0: Ball
1-0: Called Strike
1-1: Foul Ball, location: 2F
1-2: Strikes out swinging
Batting: RHB Ramón Chávez 0-0: Foul Ball, location: 2F
0-1: Swinging Strike
0-2: Ball
Pedro Romero steals 2nd base
1-2: DOUBLE (Groundball, 5L)
Pedro Romero scores
Batting: RHB Desi Parkinson 0-0: Swinging Strike
0-1: Ball
1-1: Swinging Strike
1-2: Strikes out looking
Top of the 8th over - 1 run(s), 2 hit(s), 0 error(s), 1 left on base; Colorado 4 - Michigan State 2
BOTTOM OF THE 8TH
Michigan State Spartans batting - Pitching for Colorado Buffaloes : RHP Marc Brooks
Pitching: RHP James Bowen
Batting: RHB Andrew Holmes 0-0: Ball
1-0: Foul Ball, location: 2F
1-1: Foul Ball, location: 2F
1-2: Foul Ball, location: 2F
1-2: Foul Ball, location: 2F
1-2: Strikes out looking
Batting: RHB Clinton Cook 0-0: Called Strike
0-1: Foul Ball, location: 2F
0-2: Ball
1-2: Foul Ball, location: 2F
1-2: SINGLE (Flyball, 3D)
Batting: RHB David Robbins 0-0: Ball
1-0: Ball
2-0: Ball
3-0: Called Strike
3-1: Foul Ball, location: 2F
3-2: Foul Ball, location: 2F
3-2: Fly out, F5 (Popup, 25F)
Batting: RHB David Bautista 0-0: Called Strike
0-1: Ball
1-1: Foul Ball, location: 2F
1-2: Foul Ball, location: 2F
1-2: DOUBLE (Line Drive, 7LS)
Clinton Cook to third
Runner from 3rd tries for Home, SAFE, throw made home
Batting: RHB Herman O'Gleason 0-0: Foul Ball, location: 2F
0-1: Ball
1-1: Ball
2-1: Foul Ball, location: 2F
2-2: Ball
3-2: Strikes out swinging
Bottom of the 8th over - 1 run(s), 2 hit(s), 0 error(s), 1 left on base; Colorado 4 - Michigan State 3
TOP OF THE 9TH
Colorado Buffaloes batting - Pitching for Michigan State Spartans : LHP Sergio Rodríguez
Batting: RHB Gerald Mullen 0-0: Swinging Strike
0-1: Swinging Strike
0-2: Strikes out looking
Pitching: RHP Nick Blackburn
Batting: RHB Rob Groves 0-0: Foul Ball, location: 2F
0-1: Ball
1-1: Swinging Strike
1-2: Foul Ball, location: 2F
1-2: Ball
2-2: Strikes out swinging
Batting: RHB Esteban Lara 0-0: Ball
1-0: Called Strike
1-1: Swinging Strike
1-2: Ball
2-2: Ball
3-2: Base on Balls
Batting: LHB Miguel Sánchez 0-0: Called Strike
Esteban Lara steals 2nd base
0-1: Ball
1-1: Foul Ball, location: 2F
1-2: Fly out, F6 (Line Drive, 6)
Top of the 9th over - 0 run(s), 0 hit(s), 0 error(s), 1 left on base; Colorado 4 - Michigan State 3
BOTTOM OF THE 9TH
Michigan State Spartans batting - Pitching for Colorado Buffaloes : RHP James Bowen
Pitching: LHP Jaime Gonzáles
Now at C: Henry Barker
Batting: SHB Wayne Matthews 0-0: Ball
1-0: Ball
2-0: Ball
3-0: Called Strike
3-1: Base on Balls
Batting: LHB Troy Jackson 0-0: Ball
1-0: Bunted foul
1-1: Bunted foul
1-2: DOUBLE (Line Drive, 5D)
Wayne Matthews to third
Batting: RHB Jorge Carranza 0-0: Ball
1-0: Swinging Strike
1-1: Ball
2-1: SINGLE (Groundball, 6MD)
Wayne Matthews scores
Troy Jackson to third
Runner from 3rd tries for Home, SAFE, throw made home
This league is powered by Out of the Park Baseball, the baseball management simulation game for PC, Mac and Linux
Saturday, April 9th, 2016 - OOTP Baseball 16.8 Build 38